the craziest match vs Havoc

Match 30099245
End
Construct Barracks
Riflemen Squad
Riflemen Squad
Riflemen Squad
Grenade Package
Infantry Support Center
Construct Medical Station
Riflemen Squad
Selects Airborne Battlegroup
Selects Pathfinders
Selects Paratrooper Squad Paradrop
Selects Anti-tank Gun Team Paradrop
Anti-tank Gun Team Paradrop
M1918 Browning Automatic Rifles
Construct Weapon Support Center
Anti-tank Gun Team Paradrop
Paratrooper Squad Paradrop
Advanced Logistics
Selects Recon Loiter
Selects Supply Drop
Anti-tank Gun Team Paradrop
Engineer Squad
Selects Dual P-47 Rocket Strike
Construct Tank Depot
M1 Mortar Team
M18 Hellcat Tank Destroyer
Supply Drop
Demolitions Package
Dual P-47 Rocket Strike
M18 Hellcat Tank Destroyer
M4(105) Sherman Bulldozer
Survival Training
Munitions Surplus
Dual P-47 Rocket Strike
Engineer Squad
Supply Drop
Engineer Squad
Dual P-47 Rocket Strike
Supply Drop
Dual P-47 Rocket Strike
M18 Hellcat Tank Destroyer
Recon Loiter
Riflemen Squad
Supply Drop
M18 Hellcat Tank Destroyer
Recon Loiter
Dual P-47 Rocket Strike
Havoc
Reakly
0
0

Comments sign in to comment!

No comments posted yet!